AoeStats
← NicNic

Arabia

508690248Analyzed
1v1 RM · 8d ago on Sep 23, 2026· 52m 9s· 2 players
Game mode
Random Map
Map size
Tiny (2 player)
Population
200
Speed
Normal
Resources
Standard
Victory
Conquest
Starting age
Dark Age
Ending age
Imperial Age
RankedLock teamsTeams togetherTeam positionsShared explorationLock speedFull tech treeHidden civsTurbo modeCheats
Victory
Defeat
🇫🇷 Lithuanians · France
892
+16
🇮🇳 Berbers · India
899
-16
NicNic
8:58 Loom
10:43 Feudal Age
11:54 Feudal Age
16:37 Castle Age
14:50 Double-Bit Axe
15:52 Horse Collar
18:21 Bow Saw
19:20 Heavy Plow
26:49 Imperial Age
28:13 Wheelbarrow
27:42 Husbandry
27:55 Bloodlines
27:53 Gold Mining
27:43 Cavalier
29:52 Two-Man Saw
29:11 Hand Cart
30:07 Crop Rotation
30:26 Paladin
33:02 Scale Barding Armor
33:08 Forging
34:53 Chain Barding Armor
36:33 Chemistry
40:54 Padded Archer Armor
41:55 Town Watch
43:43 Conscription
44:59 Plate Barding Armor
45:00 Iron Casting
44:15 Fletching
44:42 Leather Archer Armor
44:16 Light Cavalry
47:02 Winged Hussar
Markus_Wolf
10:00 Feudal Age
8:15 Loom
10:59 Horse Collar
11:10 Double-Bit Axe
18:26 Castle Age
16:46 Gold Mining
18:05 Scale Barding Armor
18:11 Forging
18:53 Bloodlines
19:34 Bow Saw
19:27 Heavy Plow
24:02 Chain Barding Armor
26:18 Town Watch
27:08 Wheelbarrow
30:43 Imperial Age
28:31 Hand Cart
28:16 Town Patrol
30:22 Stone Mining
31:06 Husbandry
31:17 Padded Archer Armor
31:08 Fletching
32:03 Crop Rotation
31:15 Heavy Camel Rider
32:32 Plate Barding Armor
32:38 Leather Archer Armor
32:14 Fletching
32:59 Iron Casting
33:07 Ballistics
37:13 Squires
36:34 Pikeman
39:34 Elite Genitour
40:21 Thumb Ring
41:23 Conscription
41:05 Maghrebi Camels
41:59 Ring Archer Armor
41:30 Scale Mail Armor
41:26 Bodkin Arrow
42:06 Kasbah
42:39 Elite Camel Archer
44:42 Blast Furnace
45:20 Chemistry
44:25 Siege Engineers
44:45 Bracer
44:46 Light Cavalry
47:33 Hussar
50:27 Murder Holes
50:45 Masonry
Connection lost

Rejoining the realm…

Still unreachable

The connection could not be restored.

Session expired

The server has moved on; the page needs a fresh start.